 Dungeon Crawl Stone Soup version 0.28.0-47-ge53b351184 (webtiles) character file.

Game seed: 4221657224660404291

23 KamiKatze the Conjurer (level 2, -2/17 HPs)
             Began as an Octopode Conjurer on May 1, 2022.
             Killed from afar by a dart slug (3 damage)
             ... with a slug dart
             ... on level 2 of the Dungeon.
             The game lasted 00:02:57 (1020 turns).

KamiKatze the Conjurer (Octopode Conjurer)          Turns: 1020, Time: 00:02:57

Health: -2/17      AC:  1    Str:  6    XL:     2   Next: 95%
Magic:  1/5        EV: 13    Int: 20    God:
Gold:   28         SH:  0    Dex: 10    Spells: 2/5 levels left

rFire   . . .      SeeInvis .   d - +0 rapier
rCold   . . .      Faith    .   (no shield)
rNeg    . . .      Spirit   .   (helmet restricted)
rPois   .          Reflect  .   (no amulet)
rElec   .          Harm     .   (no ring)
rCorr   .          Rampage  .   (no ring)
Will    .....                   (no ring)
Stlth   +++.......              (no ring)
HPRegen 0.05/turn               (no ring)
MPRegen 0.09/turn               (no ring)
                                (no ring)
                                (no ring)

@: no status effects
A: almost no armour, amphibious, 8 rings, camouflage 1, gelatinous body 1,
(nimble swimmer 1), tentacles
a: no special abilities


You were on level 2 of the Dungeon.
You visited 1 branch of the dungeon, and saw 2 of its levels.

You collected 28 gold pieces.

Inventory:

Hand Weapons
 b - a +0 dagger
 d - a +0 rapier (weapon)
Missiles
 h - 49 stones
Scrolls
 g - a scroll of identify {unknown}
Potions
 a - a potion of mutation {unknown}
 c - a potion of might {unknown}
 e - a potion of magic {unknown}
 f - a potion of degeneration {unknown}
 i - a potion of flight {unknown}
 j - a potion of resistance {unknown}
 k - a potion of curing {unknown}


   Skills:
 + Level 2.1 Dodging
 + Level 2.9 Stealth
 * Level 2.2 Spellcasting
 * Level 4.2 Conjurations
 * Level 0.7 Hexes
 * Level 0.8 Translocations


You had 2 spell levels left.
You knew the following spells:

 Your Spells              Type           Power      Damage    Failure   Level
a - Magic Dart            Conj           76%        1d6       2%          1
b - Searing Ray           Conj           38%        2d5       4%          2

Your spell library contained the following spells:

 Spells                   Type           Power      Damage    Failure   Level
 Dazzling Flash           Conj/Hex       24%        N/A       17%         3
 Iskenderun's Mystic Bla  Conj/Tloc      12%        2d5       47%         4
 Fulminant Prism          Conj/Hex       6%         3d7       50%         4


Dungeon Overview and Level Annotations

Branches:
Dungeon (2/15)

Altars:


Innate Abilities, Weirdness & Mutations

You cannot wear most types of armour.
You are amphibious.
You can wear up to eight rings at the same time.
Your skin changes colour to match your surroundings (Stealth+).
Your rubbery body absorbs attacks. (AC +1, EV +1)
((You are camouflaged when in or above water. (Stealth+)))
You have tentacles for arms and can constrict up to eight enemies at once.


Message History

The dart slug is heavily wounded.
Found a stone staircase leading down.
The dart slug bites you.
You hit the dart slug. You grab the dart slug.
The dart slug is heavily wounded.
You constrict the dart slug, but do no damage.
A rat comes into view.
The dart slug launches a dart at you. The slug dart hits you.
You are too injured to fight recklessly!
You are too injured to fight recklessly!
You release your grip on the dart slug.
You closely miss the goblin. Your grab misses the goblin.
Your squeeze misses the goblin. The goblin hits you with a +0 dagger.
You hit the goblin but do no damage. Your grab misses the goblin.
The goblin barely misses you.
You miss the goblin. Your grab misses the goblin.
Your squeeze misses the goblin. The goblin hits you with a +0 dagger.
* * * LOW HITPOINT WARNING * * *
You hit the goblin. You grab the goblin.
The goblin is severely wounded.
You constrict the goblin.
You kill the goblin!
The dart slug launches a dart at you. The slug dart misses you.
Casting: Magic Dart (safe; 2% risk of failure)
Confirm with . or Enter, or press ? or * to list all spells.
Aiming: Magic Dart (safe; 2% risk of failure)
Press: ? - help, Shift-Dir - straight line, f/p - dart slug
Aim: a dart slug (heavily wounded, 100% to hit)
The magic dart hits the rat.
You kill the rat!
The dart slug launches a dart at you. The slug dart hits you.
* * * LOW HITPOINT WARNING * * *
The dart slug launches a dart at you. The slug dart hits you.
* * * LOW HITPOINT WARNING * * *
The dart slug launches a dart at you. The slug dart hits you.
You die...

....####......≈#
## ...#
##.....≈### #.
### #####..'.#
#. #####..'.####
## #.....≈#....#
#......≈####.# #
#......≈≈#.##.#
##
#.....≈≈##.##.#
##.
#....≈≈###@##.#
#.. #...≈≈##
#.##.# ##.
....≈≈# #.##.#
#. ..≈≈≈###
#.##.# #.
+####..###.##.#
#.
.......)†w....#
#.
.......###.####
#. ..>...# #.#
#>#... #.#


You could see a dart slug.

Vanquished Creatures
  A worm (D:2)
  A dart slug (D:1)
  An endoplasm (D:2)
  A giant cockroach (D:1)
  3 goblins
  4 frilled lizards
  6 kobolds
  3 rats (D:2)
20 creatures vanquished.

Notes
Turn   | Place    | Note
-------+----------+-------------------------------------------
     0 | D:1      | KamiKatze the Octopode Conjurer began the quest for the
                  | Orb.
     0 | D:1      | Reached XP level 1. HP: 11/11 MP: 3/3
   217 | D:1      | Found a faded altar of an unknown god.
   333 | D:1      | Reached XP level 2. HP: 16/17 MP: 5/5
   336 | D:1      | Learned a level 2 spell: Searing Ray
  1020 | D:2      | Killed from afar by a dart slug

Illustrated notes

Levels and vault maps discovered:
D:1:      grunt_arrival_lava_bath, layout_loops_ring,
          ebering_ecumenical_altar_petrified, minmay_cut_off
D:2:      layout_loops_ring, kennysheep_cross_room

Action                   || total
-------------------------++-------
Melee: Rapier            ||    16
       Unarmed           ||     4
       Constrict         ||     6
       Tentacles         ||     2
 Cast: Magic Dart        ||    23
       Searing Ray       ||     2
 Stab: Sleeping          ||     3
Armor: Skin              ||     1
Dodge: Dodged            ||    11
